cohdb
Replays
Latest Replays
All Replays
Popular Replays
Top Player Replays
Match Explorer
How It Works
Community
CoH3 Stats
Reddit
Sign in to upload your games and track your stats! →
Sign in with Steam
Match 43581265
Unlisted
Match 43581265
Overview
Messages
Build Orders
End
Kradschützen Motorcycle Team
Selects Battlefield Espionage Battlegroup
Panzergrenadier Squad
Panzergrenadier Squad
Construct Light Support Kompanie
Assault Grenadier Squad
Fire Support Elements
Veteran Squad Leaders
Panzerjäger Mechanized Group
Flakvierling Half-track
Selects Intel Disruption Beacon
Selects Plunder
2.5-tonne Medical Truck
Construct Panzerarmee Kommand
Armored Reserves
Panzergrenadier Squad
Selects 250/3 Funkpanzerwagen
Selects Anti-Tank Incendiary Munitions
Vehicle Survival Package
Rapid Advance
Pak 38 Anti-tank Gun Team
Selects Disruption Operation
Tiger Heavy Tank
Emergency Repair Kits
Selects Operation Skorpion
Tiger Heavy Tank
Disruption Operation
Assault Grenadier Squad
Panzergrenadier Squad
Disruption Operation
Walking Stuka Rocket Launcher
StuG Assault Group
indoRuwet
KillerKing
Dahlian
Bish Bash Bosh
0
0
Comments
sign in to comment!
No comments posted yet!